 Dungeon Crawl Stone Soup version 0.20-a0-957-g47ad1fd (webtiles) character file.

363 Herrn the Bolt Thrower (level 7, -3/52 HPs)
             Began as a Formicid Wanderer on Apr 5, 2017.
             Killed from afar by an orc wizard (8 damage)
             ... with a magic dart
             ... on level 3 of the Dungeon.
             The game lasted 00:06:39 (2897 turns).

Herrn the Bolt Thrower (Formicid Wanderer)          Turns: 2897, Time: 00:06:39

Health: -3/52      AC:  5    Str: 17    XL:     7   Next: 0%
Magic:  8/8        EV: 11    Int: 15    God:
Gold:   97         SH:  0    Dex:  8    Spells: 8/8 levels left

rFire    . . .     SeeInvis +   y - +0 scythe
rCold    . . .     Gourm    .   (no shield)
rNeg     + . .     Faith    .   r - +0 ring mail (curse)
rPois    .         Spirit   .   (helmet unavailable)
rElec    .         Reflect  .   (no cloak)
rCorr    .         Harm     .   (no gloves)
MR       .....                  (no boots)
Stlth    ++........             (no amulet)
Regen    0.2/turn               t - ring of stealth
MPRegen  0.2/turn               z - ring of positive energy

@: no status effects
A: permanent stasis, dig shafts and tunnels, four strong arms, antennae 3
a: Dig, Shaft Self


You were on level 3 of the Dungeon.
You were hungry.

You visited 1 branch of the dungeon, and saw 3 of its levels.

You collected 97 gold pieces.

Inventory:

Hand Weapons
 a - a +2 hand crossbow
 y - a +0 scythe (weapon)
 C - a +0 hand axe
Missiles
 b - 68 bolts
Armour
 c - a +3 ring mail of poison resistance
 e - a +0 robe
 r - a cursed +0 ring mail (worn)
Jewellery
 t - a ring of stealth (left hand)
 z - a ring of positive energy (right hand)
Scrolls
 i - 2 scrolls of identify {unknown}
 l - a scroll of noise {unknown}
 o - a scroll of blinking {unknown}
 q - a scroll of amnesia {unknown}
 s - a scroll of recharging {unknown}
 v - a scroll of immolation {unknown}
 x - a scroll of enchant weapon {unknown}
 A - a scroll of fear {unknown}
Potions
 d - 2 potions of curing
 g - a potion of brilliance {unknown}
 k - 2 potions of haste
 m - 2 potions of ambrosia {unknown}
 n - a potion of mutation {unknown}
 u - a potion of heal wounds {unknown}
 w - a potion of agility {unknown}
 D - a potion of cancellation {unknown}
Comestibles
 f - 2 bread rations
 h - 5 fruits
 j - a royal jelly
 p - a meat ration


   Skills:
 + Level 3.0 Fighting
 * Level 0.2(0.6) Axes
 - Level 1.1 Polearms
 + Level 4.0 Crossbows
 + Level 3.1 Armour
 * Level 2.4 Dodging
 - Level 1.2 Stealth
 - Level 1.1 Spellcasting
   Level 3.0 Charms
   Level 1.0 Ice Magic
   Level 1.1 Evocations


You had 8 spell levels left.
You didn't know any spells.

Dungeon Overview and Level Annotations

Branches:
Dungeon (3/15)

Altars:


Innate Abilities, Weirdness & Mutations

You cannot be hasted, slowed, berserked, paralysed or teleported.
You can dig through walls and to a lower floor.
Your four strong arms can wield two-handed weapons with a shield.
You have a pair of large antennae on your head. (SInv)


Message History

You are confused.
You barely miss the orc wizard.
The orc wizard is severely wounded.
The orc wizard hits you but does no damage.
The orc wizard closely misses you.
You bump into the rock wall.
The orc wizard hits you with a dagger.
You closely miss the orc wizard.
The orc wizard is severely wounded.
The orc wizard casts a spell at you. The puff of flame hits you!
* * * LOW HITPOINT WARNING * * *
The orc wizard barely misses you.
You bump into the rock wall.
You feel less confused.
The orc wizard hits you but does no damage.
You miss the orc wizard.
The orc wizard is severely wounded.
The orc wizard casts a spell at you. The magic dart hits you!
You die...

....#..........#....##...
...............#...###
............$.####.#
.##........(..## ...
#).....o.(...#####>
###.....(..o....(..#
.......(###{.........#
.....###o##(......<.?#
..... #@##.........{o.
..). ###.............
#(.#..........#
...##..........# ...#
##....... .... .......
.$. .......


You could see an orc wizard (invisible).

Vanquished Creatures
  Sigmund (D:2)
  Terence (D:2)
  Natasha (thrice) (D:2)
  3 adders
  2 oozes (D:1)
  A worm (D:2)
  4 dart slugs
  8 orcs
  A ball python (D:1)
  6 bats (D:2)
  A giant cockroach (D:2)
  4 goblins
  5 hobgoblins
  4 frilled lizards
  7 kobolds
  2 rats (D:1)
  A plant (D:1)
54 creatures vanquished.

Notes
Turn   | Place    | Note
-------+----------+-------------------------------------------
     0 | D:1      | Herrn the Formicid Wanderer began the quest for the Orb.
     0 | D:1      | Herrn set off with: a +2 hand crossbow, 28 bolts, a potion of lignification, a potion of curing, a +0 robe, a bread ration
     0 | D:1      | Reached XP level 1. HP: 15/15 MP: 2/2
   379 | D:1      | Reached XP level 2. HP: 21/21 MP: 3/3
   692 | D:1      | Reached XP level 3. HP: 23/26 MP: 4/4
   695 | D:1      | Reached skill level 1 in Dodging
   930 | D:2      | Noticed Natasha
   934 | D:2      | Reached skill level 2 in Crossbows
   941 | D:2      | Killed Natasha
   941 | D:2      | Reached XP level 4. HP: 5/33 MP: 5/5
  1096 | D:2      | Noticed Natasha
  1099 | D:2      | Killed Natasha
  1615 | D:2      | Noticed Sigmund
  1637 | D:2      | Killed Sigmund
  1637 | D:2      | Reached skill level 3 in Crossbows
  1637 | D:2      | Reached XP level 5. HP: 23/40 MP: 6/6
  1637 | D:2      | Reached XP level 6. HP: 26/46 MP: 7/7
  1801 | D:2      | Noticed Natasha
  1811 | D:2      | Killed Natasha
  1811 | D:2      | Reached skill level 4 in Crossbows
  1883 | D:2      | Noticed Terence
  1896 | D:2      | Killed Terence
  2480 | D:3      | Reached skill level 1 in Polearms
  2487 | D:3      | HP: 1/47 [orc/trident (8)]
  2888 | D:3      | Reached XP level 7. HP: 27/52 MP: 8/8
  2897 | D:3      | Killed from afar by an orc wizard

Vault maps used:
D:1:      lemuel_arrival_cross, serial_forest, infiniplex_forest_lined_room_2,
          infiniplex_forest_clump_tiny, infiniplex_forest_clump_double,
          infiniplex_forest_clump_curved, infiniplex_forest_join,
          infiniplex_forest_lined_room_3, infiniplex_forest_end_3, st_stairs_1
D:2:      uniq_sigmund, uniq_natasha, uniq_terence
D:3:      chequers_ecumenical_altar_simple_redux, serial_park_tiny_pond,
          kennysheep_minor_cross, uniq_iyjb

Skill      XL: |  1  2  3  4  5  6 |
---------------+-------------------+-----
Dodging        | 1 2 |  2.4
Crossbows      | 2 3 4 |  4.0
Armour         | 2 3 |  3.1
Fighting       | 2 3 |  3.0
Polearms       | 1 |  1.1
Axes           | |  0.2
Stealth        | |  1.2
Spellcasting   | |  1.1
Charms         | |  3.0
Ice Magic      | |  1.0
Evocations     | |  1.1

Action                   |  1- 3 |  4- 6 |  7- 9 || total
-------------------------+-------+-------+-------++-------
Melee: Whip              |     5 |       |       ||     5
       Short sword       |    51 |    10 |       ||    61
       Scythe            |       |    97 |     7 ||   104
 Fire: Hand crossbow     |    41 |    28 |       ||    69
 Abil: Dig               |       |     1 |       ||     1
  Use: Potion            |       |     2 |       ||     2
  Eat: Chunk             |       |     6 |       ||     6
Armor: Ring mail         |     2 |    76 |     4 ||    82
       Skin              |       |     5 |       ||     5
Dodge: Dodged            |    18 |   125 |     4 ||   147
